 Dungeon Crawl Stone Soup version 0.29-a0-369-gd956c00756 (webtiles) character file.

Game seed: 5597884120783220884

987 siradein the Grave Robber (level 8, -4/57 HPs)
             Began as a Ghoul Necromancer on May 2, 2022.
             Slain by Grinder (7 damage)
             ... on level 5 of the Dungeon.
             The game lasted 00:20:57 (6540 turns).

siradein the Grave Robber (Ghoul Necromancer)       Turns: 6540, Time: 00:20:58

Health: -4/57      AC:  5    Str: 14 (18) XL:     8   Next: 18%
Magic:  13/15      EV: 11    Int: 11 (12) God:
Gold:   160        SH:  0    Dex:  8 (9)  Spells: 10/18 levels left

rFire   . . .      SeeInvis .   a - staff of death
rCold   + . .      Faith    .   (no shield)
rNeg    + + +      Spirit   .   r - +0 troll leather armour {Pargi}
rPois   ∞          Reflect  .   (no helmet)
rElec   .          Harm     .   k - +0 cloak
rCorr   .          Rampage  .   (no gloves)
Will    .....                   (no boots)
Stlth   +.........              x - amulet of magic regeneration
HPRegen 0.00/turn               o - +6 ring of strength
MPRegen 0.54/turn               (no ring)

@: inhibited regen
A: claws 1, cold resistance 1, negative energy resistance 3, inhibited
regeneration, torment resistance 2, devour on kill
a: no special abilities


You were on level 5 of the Dungeon.
You visited 1 branch of the dungeon, and saw 5 of its levels.
You also visited: Sewer.

You collected 160 gold pieces.

Inventory:

Armour
 c - a +0 robe
 k - a +0 cloak (worn)
 r - a +0 troll leather armour (worn) {Pargi}
Magical Staves
 a - a staff of death (weapon)
Jewellery
 h - a ring of fire
 o - a +6 ring of strength (left claw)
 x - an amulet of magic regeneration (around neck)
Wands
 s - a wand of polymorph (4)
 v - a wand of digging (3)
Scrolls
 d - a scroll of silence
 e - a scroll of vulnerability
 f - 2 scrolls of enchant weapon
 i - 2 scrolls of teleportation
 j - a scroll of blinking {unknown}
 n - a scroll of immolation {unknown}
 q - a scroll of amnesia {unknown}
 t - a scroll of magic mapping
 y - a scroll of enchant armour {unknown}
Potions
 b - 3 potions of magic
 g - 2 potions of curing
 m - a potion of mutation
 z - a potion of haste


   Skills:
 - Level 1.7 Dodging
 - Level 2.1 Stealth
 + Level 5.7 Spellcasting
 + Level 7.7 Necromancy


You had 10 spell levels left.
You knew the following spells:

 Your Spells              Type           Power      Damage    Failure   Level
a - Pain                  Necr           100%       1d9       1%          1
b - Vampiric Draining     Necr           30%        2d8       3%          3
c - Animate Dead          Necr           15%        N/A       11%         4

Your spell library contained the following spells:

 Spells                   Type           Power      Damage    Failure   Level
 Animate Skeleton         Necr           60%        N/A       1%          1
 Agony                    Necr           30%        N/A       30%         5


Dungeon Overview and Level Annotations

Branches:
Dungeon (5/15)              Sewer (visited)
 Temple: D:4-7

Altars:

Annotations:
D:5 Grinder


Innate Abilities, Weirdness & Mutations

You are immune to poison.
You have sharp fingernails.
Your flesh is cold resistant. (rC+)
You are immune to negative energy. (rN+++)
You do not regenerate when monsters are visible.
You are immune to unholy pain and torment.
You thrive by killing the living.


Message History

You resist with some effort.
You feel better.
Grinder says, "What is the universe for?"
Grinder blinks!
Grinder hits you but does no damage.
You hit Grinder.
Grinder is lightly wounded.
Grinder hits you!
* * * LOW HITPOINT WARNING * * *
A killer bee comes into view.
Grinder gestures at you. You resist with some effort.
The killer bee stings you.
* * * LOW HITPOINT WARNING * * *
Casting: Pain (safe; 1% risk of failure)
Confirm with . or Enter, or press ? or * to list all spells.
Aiming: Vampiric Draining (dangerous; 3% risk of failure)
Press: ? - help, Shift-Dir - straight line, f - killer bee
Aim: a killer bee You feel a surge of power!
You draw life force from the killer bee!
You feel life coursing into your body! The killer bee closely misses you.
The killer bee barely misses you.
Unknown command.
Casting: Vampiric Draining (dangerous; 3% risk of failure)
Confirm with . or Enter, or press ? or * to list all spells.
Aiming: Vampiric Draining (dangerous; 3% risk of failure)
Press: ? - help, Shift-Dir - straight line, f/p - killer bee
Aim: a killer bee (almost dead)
You feel a surge of power!
You draw life force from the killer bee!
You kill the killer bee!
You feel better.
You feel life coursing into your body. Grinder hits you.
* * * LOW HITPOINT WARNING * * *
Grinder attacks as you move away! Grinder closely misses you.
Found a scroll labelled DAWOOTU WOJY.
Grinder attacks as you move away! Grinder hits you!
* * * LOW HITPOINT WARNING * * *
Grinder attacks as you move away! Grinder hits you!
You die...

... ................. ##.#
.................## #...
.?................###..#
........................
...................##..#
#........[............#.##... ..
#.....................#.##..#
..##...........@5..............#
........................#.###.#
#......................#.# #.#
#)....................#.###.#
#.†........(..........#..##.#
#.†...................##.##.#
#..............†.......#..#.#
#.....................+.....#
#.....................###...#


You could see Grinder.

Vanquished Creatures
  Eustachio (D:4)
  Pargi (Sewer)
  2 scorpions
  A water moccasin skeleton (D:3)
  4 killer bees (D:5)
  A howler monkey (D:5)
  2 hounds
  An iguana (D:5)
  An orc wizard (D:5)
  A scorpion zombie (D:3)
  2 hound zombies (D:3)
  A hound skeleton (D:3)
  3 gnolls (D:3)
  6 adders
  A shadow imp (D:5)
  An adder zombie (D:3)
  An adder skeleton (D:3)
  A worm (D:4)
  2 dart slugs
  4 orcs
  6 endoplasms
  6 giant cockroaches
  4 goblins
  10 hobgoblins
  13 kobolds
  5 quokkas
  8 ball pythons
  A ball python skeleton (D:3)
  2 ball python zombies (D:3)
  7 bats
  3 frilled lizards
  A quokka skeleton (D:3)
  A quokka zombie (D:3)
  4 rats (D:2)
108 creatures vanquished.

Vanquished Creatures (others)
  2 withered plants (D:3)
2 creatures vanquished.

Grand Total: 110 creatures vanquished

Notes
Turn   | Place    | Note
-------+----------+-------------------------------------------
     0 | D:1      | siradein the Ghoul Necromancer began the quest for the Orb.
     0 | D:1      | Reached XP level 1. HP: 14/14 MP: 2/2
   132 | D:1      | Reached XP level 2. HP: 20/20 MP: 0/4
   679 | D:1      | Reached XP level 3. HP: 26/26 MP: 1/5
   683 | D:1      | Learned a level 3 spell: Vampiric Draining
  1973 | D:2      | Reached XP level 4. HP: 33/33 MP: 4/7
  2030 | D:2      | Learned a level 4 spell: Animate Dead
  2683 | D:3      | Reached skill level 5 in Necromancy
  2832 | D:3      | Reached XP level 5. HP: 9/38 MP: 7/9
  4013 | D:3      | Found a faded altar of an unknown god.
  4278 | D:3      | Reached XP level 6. HP: 45/45 MP: 8/10
  4738 | D:4      | Reached skill level 6 in Necromancy
  5120 | D:4      | Found a glowing drain.
  5131 | Sewer    | Entered a sewer
  5140 | Sewer    | Noticed Pargi
  5149 | Sewer    | Killed Pargi
  5150 | Sewer    | Reached XP level 7. HP: 48/50 MP: 1/12
  5728 | D:4      | Noticed Eustachio
  5733 | D:4      | Killed Eustachio
  5734 | D:4      | Reached skill level 5 in Spellcasting
  6201 | D:5      | Entered Level 5 of the Dungeon
  6207 | D:5      | Reached skill level 7 in Necromancy
  6261 | D:5      | Noticed Grinder
  6266 | D:5      | Paralysed by Grinder for 6 turns
  6477 | D:5      | Paralysed by Grinder for 5 turns
  6491 | D:5      | Reached XP level 8. HP: 53/57 MP: 4/15
  6513 | D:5      | Paralysed by Grinder for 6 turns
  6532 | D:5      | HP: 1/57 [killer bee (4)]
  6540 | D:5      | Slain by Grinder

Illustrated notes

Levels and vault maps discovered:
D:1:      giann_horns, layout_rooms, serial_bayou_lake_a
D:2:      layout_basic
D:3:      layout_loops_ring, chequers_ecumenical_altar_simple, serial_undead,
          serial_undead_d, serial_undead_d, serial_undead_c, serial_undead_a,
          serial_undead_e, serial_undead_d, serial_undead_b, serial_undead_e
D:4:      layout_layer_cave, portal_sewer_entry_d, uniq_eustachio
D:5:      layout_basic, wad_floor_pattern_2, uniq_menkaure, uniq_grinder

Skill      XL: |  1  2  3  4  5  6  7 |
---------------+----------------------+-----
Spellcasting   | 2 3 4 5 |  5.7
Necromancy     | 5 6 7 |  7.7
Dodging        | |  1.7
Stealth        | |  2.1

Action                   |  1- 3 |  4- 6 |  7- 9 || total
-------------------------+-------+-------+-------++-------
Melee: Staff             |     1 |       |     9 ||    10
       Unarmed           |       |   130 |       ||   130
       Punch             |       |     1 |       ||     1
 Cast: Pain              |    67 |    86 |    41 ||   194
       Vampiric Draining |       |     4 |    11 ||    15
  Use: Scroll            |       |     6 |     2 ||     8
       Potion            |       |     1 |     5 ||     6
Armor: Robe              |     2 |    24 |       ||    26
       Troll leather arm |       |       |    11 ||    11
Dodge: Dodged            |    10 |    92 |    35 ||   137

Table legend: (Time is in decaauts)
 A = Elapsed time spent in this place.
 B = Non-inter-level travel time spent in this place.
 C = Inter-level travel time spent in this place.
 D = Time resting spent in this place.
 E = Time spent auto-exploring this place.
 F = Levels seen in this place.
 G = Mean time per level.
                   A        B        C        D        E       F      G
               +--------+--------+--------+--------+--------+-----+--------+
         Total |   6549 |   6341 |    208 |    710 |   4167 |   6 | 1091.5 |
       Dungeon |   6264 |   6056 |    208 |    710 |   3936 |   5 | 1252.8 |
         Sewer |    284 |    284 |      0 |      0 |    231 |   1 |  284.0 |
               +--------+--------+--------+--------+--------+-----+--------+

Top non-repeatable levels by time:
     D:3: 2426 daAuts
     D:2: 1298 daAuts
     D:4: 1197 daAuts
     D:1: 1001 daAuts
     D:5: 340 daAuts
   Sewer: 284 daAuts
